[Event "34th MPL National U12 Chess-ch 2022"]
[Site "Mysore"]
[Date "2022.04.13"]
[Round "10.6"]
[White "Sathvik Adiga"]
[Black "Haridev S"]
[Result "1/2-1/2"]
[ECO "B92"]
[WhiteElo "1562"]
[BlackElo "1458"]
[Annotator "NA RC"]
[PlyCount "85"]
[EventDate "2022.04.09"]
[EventCountry "IND"]
[SourceTitle "playchess.com"]
[Source "ChessBase"]
[SourceQuality "1"]
[TimeControl "5400+30"]

1. e4 c5 2. Nf3 d6 3. d4 cxd4 4. Nxd4 Nf6 5. Nc3 a6 6. Be2 e5 7. Nb3 Be6 8. Be3 Be7 9. Qd3 O-O 10. O-O Nbd7 11. Nd5 Bxd5 12. exd5 Nb6 13. c4 Rc8 14. Rac1 Na4 15. Nd2 Nc5 16. Qb1 g6 17. Nb3 b6 18. Nd2 Nfd7 19. b4 Nb7 20. Qd3 f5 21. f3 Re8 22. Nb3 Bg5 23. a3 e4 24. fxe4 Rxe4 25. Bxg5 Qxg5 26. Nd4 Ne5 27. Qc3 b5 28. Ne6 Qe7 29. Qb2 bxc4 30. a4 Nd8 31. Nf4 c3 32. Rxc3 Qa7+ 33. Kh1 Qd4 34. Rc2 Rxc2 35. Qxc2 Rxf4 36. Qc8 Rxf1+ 37. Bxf1 Nef7 38. Qxa6 Qxb4 39. a5 Qb8 40. Qb5 Qa7 41. a6 Kg7 42. Qa5 h5 43. Bb5 1/2-1/2

[Event "34th MPL National U12 Chess-ch 2022"]
[Site "Mysore"]
[Date "2022.04.14"]
[Round "11.1"]
[White "Goutham Krishna H"]
[Black "Gandhi, Aakash"]
[Result "1-0"]
[ECO "D35"]
[WhiteElo "1541"]
[BlackElo "1698"]
[Annotator "NA RC"]
[PlyCount "83"]
[EventDate "2022.04.09"]
[EventCountry "IND"]
[SourceTitle "playchess.com"]
[Source "ChessBase"]
[SourceQuality "1"]
[TimeControl "5400+30"]

1. Nf3 d5 2. d4 Nf6 3. c4 c6 4. Nc3 e6 5. cxd5 exd5 6. Bg5 h6 7. Bh4 Bf5 8. e3 Nbd7 9. Bd3 Bxd3 10. Qxd3 Be7 11. O-O O-O 12. Rab1 a5 13. a3 Re8 14. Qc2 b5 15. Rfc1 Nb6 16. a4 Rc8 17. Qd1 b4 18. Ne2 Ne4 19. Bxe7 Qxe7 20. b3 Nd7 21. Rc2 Ndf6 22. h3 g5 23. Ne5 Nd7 24. Nxd7 Qxd7 25. Rbc1 Kg7 26. f3 Nd6 27. Qd3 Qf5 28. Qd2 Qd7 29. Ng3 Re6 30. Qd3 Kg8 31. e4 dxe4 32. fxe4 f5 33. exf5 Rf6 34. Nh5 Rf7 35. g4 Ne8 36. d5 Nf6 37. Nxf6+ Rxf6 38. Qe4 Re8 39. Qc4 cxd5 40. Qd4 Qd6 41. Kg2 Qg3+ 42. Kxg3 1-0

[Event "34th MPL National U12 Chess-ch 2022"]
[Site "Mysore"]
[Date "2022.04.14"]
[Round "11.2"]
[White "Adireddy Arjun"]
[Black "Muthukumar, Mukesh"]
[Result "1-0"]
[ECO "B90"]
[WhiteElo "1796"]
[BlackElo "1287"]
[Annotator "NA RC"]
[PlyCount "135"]
[EventDate "2022.04.09"]
[EventCountry "IND"]
[SourceTitle "playchess.com"]
[Source "ChessBase"]
[SourceQuality "1"]
[TimeControl "5400+30"]

1. e4 c5 2. Nf3 d6 3. d4 cxd4 4. Nxd4 Nf6 5. Nc3 a6 6. Be3 e5 7. Nf3 Be7 8. Bc4 O-O 9. O-O Bg4 10. Qe2 Qc7 11. Nd5 Nxd5 12. Bxd5 Nd7 13. Qd3 Kh8 14. Nd2 Rac8 15. Rac1 Nb6 16. Bxb6 Qxb6 17. Nc4 Qc7 18. Ne3 Be6 19. Qb3 Qd7 20. Rcd1 b5 21. c4 Bg5 22. cxb5 Bxe3 23. Qxe3 axb5 24. Bxe6 Qxe6 25. b3 Rc5 26. Rd2 Rfc8 27. Rfd1 Rc2 28. h3 Rxd2 29. Qxd2 Rd8 30. Qb4 Qd7 31. a4 bxa4 32. bxa4 Qc6 33. a5 h6 34. Rb1 Ra8 35. Rd1 Ra6 36. g3 Qc5 37. Qxc5 dxc5 38. Ra1 Kg8 39. Kf1 Kf8 40. Ke2 Ke7 41. Kd3 Kd6 42. Kc4 Kc6 43. g4 f6 44. h4 Ra7 45. a6 Kb6 46. h5 Kc6 47. f3 Kb6 48. Ra2 Kc6 49. Ra5 Kb6 50. Rxc5 Rxa6 51. Rc8 Ra3 52. Kd5 Rxf3 53. Rg8 Rd3+ 54. Ke6 Re3 55. Rxg7 Rxe4 56. Kxf6 Kc6 57. Kf5 Re1 58. Kg6 Kd6 59. Kxh6 e4 60. Rg6+ Ke7 61. Ra6 Rg1 62. g5 Kf7 63. g6+ Kf8 64. g7+ Kf7 65. Ra8 e3 66. Rf8+ Ke7 67. g8=Q Rxg8 68. Rxg8 1-0

[Event "34th MPL National U12 Chess-ch 2022"]
[Site "Mysore"]
[Date "2022.04.14"]
[Round "11.3"]
[White "Vivaan Vijay Saraogi"]
[Black "Reyan"]
[Result "1/2-1/2"]
[ECO "A45"]
[WhiteElo "1519"]
[BlackElo "1543"]
[Annotator "NA RC"]
[PlyCount "61"]
[EventDate "2022.04.09"]
[EventCountry "IND"]
[SourceTitle "playchess.com"]
[Source "ChessBase"]
[SourceQuality "1"]
[TimeControl "5400+30"]

1. d4 Nf6 2. Bf4 g6 3. Nc3 d5 4. e3 Bg7 5. h4 O-O 6. h5 c5 7. hxg6 hxg6 8. Qd2 Nc6 9. O-O-O Qa5 10. f3 Nh5 11. Nge2 Nxf4 12. Nxf4 cxd4 13. exd4 e5 14. Nfxd5 exd4 15. Bc4 dxc3 16. Qg5 cxb2+ 17. Kb1 Bf5 18. Nf6+ Bxf6 19. Qh6 Bxc2+ 20. Kxc2 Qf5+ 21. Rd3 Nb4+ 22. Kb1 Qxd3+ 23. Bxd3 Rfd8 24. Bxg6 fxg6 25. Qxg6+ Bg7 26. Qe6+ Kf8 27. Qf5+ Kg8 28. Qh7+ Kf8 29. Qf5+ Kg8 30. Qh7+ Kf8 31. Qf5+ 1/2-1/2

[Event "34th MPL National U12 Chess-ch 2022"]
[Site "Mysore"]
[Date "2022.04.14"]
[Round "11.4"]
[White "Gaikwad Manas"]
[Black "Vaz, Ethan"]
[Result "0-1"]
[ECO "B99"]
[WhiteElo "1698"]
[BlackElo "1384"]
[Annotator "NA RC"]
[PlyCount "80"]
[EventDate "2022.04.09"]
[EventCountry "IND"]
[SourceTitle "playchess.com"]
[Source "ChessBase"]
[SourceQuality "1"]
[TimeControl "5400+30"]

1. e4 c5 2. Nf3 d6 3. d4 cxd4 4. Nxd4 Nf6 5. Nc3 a6 6. Bg5 e6 7. f4 Be7 8. Qf3 Qc7 9. O-O-O Nbd7 10. g4 b5 11. Bxf6 Nxf6 12. g5 Nd7 13. f5 Bxg5+ 14. Kb1 Ne5 15. Qh5 Qd8 16. Rg1 Bf6 17. fxe6 g6 18. exf7+ Kxf7 19. Qe2 Re8 20. Qf2 Rf8 21. Qg3 Bh4 22. Qe3 Kg8 23. Nf5 Bxf5 24. exf5 Rxf5 25. Qe4 Kh8 26. Bh3 Rf8 27. Qd5 Nc4 28. Ne4 Bf6 29. Nxd6 Ne3 30. Qc6 Nxd1 31. Rxd1 Qe7 32. Ne4 Bg7 33. a3 b4 34. axb4 Qxb4 35. c3 Qb3 36. Rd2 Rae8 37. Rc2 a5 38. Rc1 Rb8 39. Rc2 Rfe8 40. Bf1 Re6 0-1

[Event "34th MPL National U12 Chess-ch 2022"]
[Site "Mysore"]
[Date "2022.04.14"]
[Round "11.5"]
[White "Haridev S"]
[Black "Mrinmoy Rajkhowa"]
[Result "0-1"]
[ECO "B38"]
[WhiteElo "1458"]
[BlackElo "1634"]
[Annotator "NA RC"]
[PlyCount "100"]
[EventDate "2022.04.09"]
[EventCountry "IND"]
[SourceTitle "playchess.com"]
[Source "ChessBase"]
[SourceQuality "1"]
[TimeControl "5400+30"]

1. e4 c5 2. Nf3 d6 3. d4 cxd4 4. Nxd4 Nf6 5. f3 a6 6. c4 g6 7. Nc3 Bg7 8. Be3 Nc6 9. Qd2 O-O 10. Be2 Bd7 11. O-O Nxd4 12. Bxd4 Bc6 13. a3 Nd7 14. Bxg7 Kxg7 15. b4 Nf6 16. Qd4 Kg8 17. Rfd1 Qb8 18. Nd5 Bxd5 19. cxd5 Rc8 20. Rac1 Nd7 21. f4 Rc7 22. Rc3 Qd8 23. Rdc1 Rac8 24. a4 Rxc3 25. Rxc3 a5 26. bxa5 Nc5 27. f5 Qxa5 28. fxg6 hxg6 29. h4 Ra8 30. Bb5 Nxe4 31. Re3 f5 32. Rxe4 fxe4 33. Qxe4 Qc3 34. Qxg6+ Qg7 35. Qe6+ Kh8 36. h5 Qd4+ 37. Kh1 Qd1+ 38. Kh2 Qxh5+ 39. Kg1 Qg5 40. Qe4 Rf8 41. Bd3 Qc1+ 42. Kh2 Qf4+ 43. Kh3 Qxe4 44. Bxe4 Rf4 45. Bf3 Rxa4 46. Bg4 b5 47. Bd1 Rd4 48. Be2 Rxd5 49. Kg4 b4 50. Bf3 Rd4+ 0-1

[Event "34th MPL National U12 Chess-ch 2022"]
[Site "Mysore"]
[Date "2022.04.14"]
[Round "11.6"]
[White "Nimay Agrawal"]
[Black "Sathvik Adiga"]
[Result "1/2-1/2"]
[ECO "A48"]
[WhiteElo "1366"]
[BlackElo "1562"]
[Annotator "NA RC"]
[PlyCount "139"]
[EventDate "2022.04.09"]
[EventCountry "IND"]
[SourceTitle "playchess.com"]
[Source "ChessBase"]
[SourceQuality "1"]
[TimeControl "5400+30"]

1. d4 Nf6 2. Bf4 g6 3. e3 Bg7 4. Nf3 d6 5. h3 O-O 6. Be2 c5 7. c3 b6 8. O-O Bb7 9. Nbd2 Nbd7 10. Bh2 a6 11. a4 Ra7 12. Qb3 Qa8 13. Ne1 Bh6 14. Bf3 Ne4 15. Nxe4 Bxe4 16. Bxe4 Qxe4 17. Qc2 Nf6 18. Ra3 Rc8 19. Rb3 Qc6 20. Nf3 Qxa4 21. Rc1 Qc6 22. Ra1 Nd7 23. e4 cxd4 24. Nxd4 Qb7 25. Rba3 Bg7 26. Qe2 Nc5 27. f3 Raa8 28. Nc2 b5 29. Nb4 Na4 30. Bg3 a5 31. Nd5 e6 32. Ne3 Nxb2 33. Rxa5 Bxc3 34. Rxa8 Rxa8 35. Rxa8+ Qxa8 36. Qxb5 Bd4 37. Kh2 Bxe3 38. Qxb2 d5 39. Qf6 Qa5 40. Be5 Kf8 41. Bd6+ Kg8 42. Qe7 Qa8 43. Be5 g5 44. Qf6 Bf4+ 45. Bxf4 gxf4 46. Qxf4 Qd8 47. exd5 exd5 48. Qg4+ Kf8 49. Qb4+ Kg7 50. Qg4+ Kh8 51. Qd4+ f6 52. Kg3 Kg7 53. Qg4+ Kf8 54. Qb4+ Kf7 55. Qd4 Qd6+ 56. f4 h5 57. Kh4 Kg6 58. g4 hxg4 59. hxg4 f5 60. gxf5+ Kxf5 61. Qd3+ Kf6 62. Qd4+ Ke6 63. Kg4 Kf7 64. f5 Qc6 65. Kg5 Qc1+ 66. Kg4 Qh1 67. Qa7+ Kf8 68. Qb8+ Kf7 69. Qc7+ Kf6 70. Qd6+ 1/2-1/2